 Dungeon Crawl Stone Soup version 0.31-a0-1458-g2f8d471 (webtiles) character file.

Game seed: 15406764181667011685

1673818 Wizard1ke the Merry Tengu (level 27, 175/175 HPs)
             Began as a Tengu Monk on Dec 27, 2023.
             Was the Champion of the Shining One.
             Escaped with the Orb
             ... and 3 runes on Dec 28, 2023!
             The game lasted 03:18:47 (67551 turns).

Wizard1ke the Merry Tengu (Tengu Monk)             Turns: 67551, Time: 03:18:48

Health: 175/175    AC: 18    Str: 12      XL:     27
Magic:  37/37      EV: 49    Int: 17 (20) God:    the Shining One [******]
Gold:   5644       SH:  0    Dex: 33      Spells: 22/26 levels left

rFire   + . .        F - +8 longbow "Zephyr" {speed, Dex+3 SInv}
rCold   + . .        (shield currently unavailable)
rNeg    + + +        E - +2 robe {Will+}
rPois   +            a - +2 hat {Int+3}
rElec   .            k - scarf {rC+ rF+}
rCorr   .            n - +2 pair of gloves
SInv    +            (boots unavailable)
Will    ++++.        O - amulet of regeneration
Stlth   +            A - ring "Ishimo" {Will+ AC+4 Dex+4}
HPRegen 1.29/turn    N - ring "Etixem" {rPois Int+6}
MPRegen 0.25/turn

%: random rage (9%), acrobat
@: flying, glowing
A: beak, talons 3, evasive flight, acrobatic, iridescent scales 3, berserk 2,
clumsy 1, deformed body, frail 1, weak 1
0: Orb of Zot
}: 3/15 runes: barnacled, silver, gossamer
a: Renounce Religion, Divine Shield, Cleansing Flame, Summon Divine Warrior,
Brand Weapon With Holy Wrath


You escaped.
You worshipped the Shining One.
The Shining One was exalted by your worship.
You visited 11 branches of the dungeon, and saw 50 of its levels.
You visited 1 bazaar.

You collected 9072 gold pieces.
You spent 3428 gold pieces at shops.

Inventory:

Hand Weapons
 F - the +8 longbow "Zephyr" (weapon) {speed, Dex+3 SInv}
   (You found it on level 4 of the Vaults)

   Dex+3:     It affects your dexterity (+3).
   SInv:      It lets you see invisible.
 X - the +5 orcbow of Owuustim {speed, +Blink rElec Will-}
   (You found it on level 4 of the Shoals)

   rElec:     It insulates you from electricity.
   Will-:     It decreases your willpower.
   +Blink:    It lets you blink.
Missiles
 P - 9 throwing nets
 Q - 15 curare-tipped darts
Armour
 a - a +2 hat of intelligence (worn)
 k - a scarf of resistance (worn)
 n - a +2 pair of gloves (worn)
 E - a +2 robe of willpower (worn)
 I - the +2 pair of gloves of the Unbroken {Rampage Will- Str-4 Dex+8}
   (You found it on level 2 of the Realm of Zot)

   Str-4:     It affects your strength (-4).
   Dex+8:     It affects your dexterity (+8).
   Will-:     It decreases your willpower.
   Rampage:   It bestows one free step when moving towards enemies.
Jewellery
 u - the ring of Bomucw {Fly Str-2 Dex+5 Slay+3}
   (You took it off a tengu warrior on level 2 of the Depths)

   [ring of flight]

   Str-2:     It affects your strength (-2).
   Dex+5:     It affects your dexterity (+5).
   Slay+3:    It affects your accuracy & damage with ranged weapons and melee
   (+3).
   Fly:       It grants you flight.
 y - an amulet of guardian spirit
 A - the ring "Ishimo" (left hand) {Will+ AC+4 Dex+4}
   (You took it off a vault warden on level 5 of the Vaults)

   [ring of protection]

   AC+4:      It affects your AC (+4).
   Dex+4:     It affects your dexterity (+4).
   Will+:     It increases your willpower.
 G - the ring of Quykicaw {rF+ rN+ Will- Int+7 SInv}
   (You took it off a deep elf demonologist on level 3 of the Elven Halls)

   [ring of positive energy]

   Int+7:     It affects your intelligence (+7).
   rF+:       It protects you from fire.
   rN+:       It protects you from negative energy.
   Will-:     It decreases your willpower.
   SInv:      It lets you see invisible.
 K - a ring of resist corrosion
 N - the ring "Etixem" (right hand) {rPois Int+6}
   (You took it off a tengu reaver on level 5 of the Vaults)

   [ring of intelligence]

   Int+6:     It affects your intelligence (+6).
   rPois:     It protects you from poison
 O - an amulet of regeneration (around neck)
 Z - a ring of protection from fire
Wands
 x - a wand of mindburst (43)
 R - a wand of light (7)
 S - a wand of digging (6)
 W - a wand of paralysis (32)
 Y - a wand of iceblast (25)
Scrolls
 b - 8 scrolls of silence {!r}
 f - 17 scrolls of teleportation
 j - 7 scrolls of vulnerability
 l - 3 scrolls of enchant armour
 o - 4 scrolls of summoning
 p - 7 scrolls of fog
 q - 7 scrolls of poison
 s - 11 scrolls of fear
 H - 11 scrolls of blinking
 J - 13 scrolls of immolation
 T - 8 scrolls of amnesia
Potions
 c - 6 potions of ambrosia
 d - 5 potions of invisibility
 e - 3 potions of resistance
 g - 18 potions of attraction
 h - 10 potions of brilliance
 v - 2 potions of lignification
 w - 7 potions of enlightenment
 z - 17 potions of curing
 B - 2 potions of magic
 C - 9 potions of heal wounds
 D - 2 potions of mutation
 M - 3 potions of cancellation
 U - 5 potions of haste
Miscellaneous
 i - a phial of floods
 t - a phantom mirror
 L - a box of beasts
 V - a lightning rod (4/4)


   Skills:
 + Level 25.8 Fighting
 - Level 3.2 Long Blades
 O Level 27 Ranged Weapons
 + Level 26.0 Dodging
 - Level 18.0 Invocations
 - Level 10.0 Evocations


You had 22 spell levels left.
You knew the following spells:

 Your Spells              Type           Power      Damage    Failure   Level
a - Dimensional Bullseye  Hex/Tloc       0%         N/A       93%         4

Your spell library contained the following spells:

 Spells                   Type           Power      Damage    Failure   Level
 Magic Dart               Conj           0%         1d3       24%         1
 Sandblast                Erth           0%         2d4       24%         1
 Slow                     Hex            0%         N/A       24%         1
 Sting                    Conj/Alch      0%         1d3       24%         1
 Summon Small Mammal      Summ           0%         N/A       24%         1
 Call Imp                 Summ           0%         N/A       34%         2
 Cigotuvi's Dreadful Rot  Necr/Alch/Air  0%         N/A       34%         2
 Ensorcelled Hibernation  Hex/Ice        0%         N/A       34%         2
 Jinxbite                 Hex            0%         N/A       34%         2
 Lesser Beckoning         Tloc           0%         N/A       34%         2
 Mercury Vapours          Alch/Air       0%         N/A       34%         2
 Scorch                   Fire           0%         2d5       34%         2
 Searing Ray              Conj           0%         2d4       34%         2
 Static Discharge         Conj/Air       0%         3-3/arc   34%         2
 Sublimation of Blood     Necr           0%         N/A       34%         2
 Call Canine Familiar     Summ           0%         N/A       56%         3
 Confusing Touch          Hex            0%         N/A       56%         3
 Dazzling Flash           Conj/Hex       0%         N/A       56%         3
 Fugue of the Fallen      Necr           0%         N/A       56%         3
 Gell's Gravitas          Tloc           0%         N/A       56%         3
 Hailstorm                Conj/Ice       0%         3d5       56%         3
 Mephitic Cloud           Conj/Alch/Air  0%         N/A       56%         3
 Ozocubu's Armour         Ice            0%         N/A       56%         3
 Passwall                 Erth           0%         N/A       56%         3
 Sigil of Binding         Hex            0%         N/A       56%         3
 Stone Arrow              Conj/Erth      0%         3d7       56%         3
 Summon Ice Beast         Ice/Summ       0%         N/A       56%         3
 Swiftness                Air            0%         N/A       56%         3
 Teleport Other           Tloc           0%         N/A       56%         3
 Tukima's Dance           Hex            0%         N/A       56%         3
 Vampiric Draining        Necr           0%         2d6       56%         3
 Airstrike                Air            0%         2d(0-16)  93%         4
 Anguish                  Hex/Necr       0%         N/A       93%         4
 Animate Armour           Summ/Erth      0%         N/A       93%         4
 Animate Dead             Necr           0%         N/A       93%         4
 Brom's Barrelling Bould  Conj/Erth      0%         2d3       93%         4
 Flame Wave               Conj/Fire      0%         2d4       93%         4
 Fulminant Prism          Conj/Alch      0%         3d5       93%         4
 Ignite Poison            Fire/Alch      0%         N/A       93%         4
 Iskenderun's Mystic Bla  Conj/Tloc      0%         2d3       93%         4
 Leda's Liquefaction      Alch/Erth      0%         N/A       93%         4
 Manifold Assault         Tloc           0%         N/A       93%         4
 Olgreb's Toxic Radiance  Alch           0%         N/A       93%         4
 Summon Blazeheart Golem  Fire/Summ      0%         N/A       93%         4
 Summon Lightning Spire   Summ/Air       0%         N/A       93%         4
 Vhi's Electric Charge    Tloc/Air       0%         N/A       93%         4
 Alistair's Intoxication  Alch           0%         N/A       100%        5
 Arcjolt                  Conj/Air       0%         1d10      100%        5
 Borgnjor's Vile Clutch   Necr/Erth      0%         N/A       100%        5
 Curse of Agony           Necr           0%         N/A       100%        5
 Freezing Cloud           Conj/Ice/Air   0%         6-21      100%        5
 Irradiate                Conj/Alch      0%         3d11      100%        5
 Iskenderun's Battlesphe  Conj           0%         2d6       100%        5
 Metabolic Englaciation   Hex/Ice        0%         N/A       100%        5
 Silence                  Hex/Air        0%         N/A       100%        5
 Summon Forest            Summ/Tloc      0%         N/A       100%        5
 Summon Mana Viper        Hex/Summ       0%         N/A       100%        5
 Yara's Violent Unravell  Hex/Alch       0%         3d3       100%        5
 Bombard                  Conj/Erth      0%         9d1       100%        6
 Eringya's Noxious Bog    Alch           0%         4d6       100%        6
 Plasma Beam              Fire/Air       0%         2x1d10    100%        6
 Sculpt Simulacrum        Ice/Alch       0%         N/A       100%        6
 Summon Cactus Giant      Summ           0%         N/A       100%        6
 Enfeeble                 Hex            0%         N/A       100%        7
 Haunt                    Necr/Summ      0%         N/A       100%        7
 Ozocubu's Refrigeration  Ice            0%         4d7       100%        7
 Spellforged Servitor     Conj/Summ      0%         N/A       100%        7
 Summon Hydra             Summ           0%         N/A       100%        7
 Discord                  Hex            0%         N/A       100%        8
 Lehudib's Crystal Spear  Conj/Erth      0%         10d2      100%        8
 Maxwell's Capacitive Co  Air            0%         ∞         100%        8


Dungeon Overview and Level Annotations

Branches:
Dungeon (15/15)            Temple (1/1) D:7            Lair (5/5) D:10
 Shoals (4/4) Lair:3       Spider (4/4) Lair:3        Slime (0/5) Lair:4
    Orc (2/2) D:9             Elf (3/3) Orc:2        Vaults (5/5) D:13
  Crypt (2/3) Vaults:3     Depths (4/4) D:15            Zot (5/5) Depths:4

Altars:
Ashenzari
Cheibriados
Dithmenos
Elyvilon
Fedhas
Gozag
Hepliaklqana
Kikubaaqudgha
Makhleb
Nemelex Xobeh
Okawaru
Qazlal
Ru
Sif Muna
Trog
Uskayaw
Vehumet
Wu Jian
Xom
Yredelemnul
Zin
The Shining One
Jiyva

Shops:
D:5 :   D:9 :   D:13 [   D:14 ?   Orc:2 *[?[!   Elf:3 ?   Shoals:3 !
Vaults:1 ?   Vaults:3 [[[   Zot:5 *   Depths:2 (

Portals:
Hell: Depths:1 Depths:2 Depths:3 Depths:4
Abyss: Depths:3
Pandemonium: Depths:2
Ziggurat: Depths:4

Annotations:
Elf:2 3 runed translucent doors
Vaults:5 !vaults warning
Zot:2 2 transporters, exclusion: orange crystal statue
Zot:5 3 runed translucent doors, Caterwaul's ghost, master DsCj


Innate Abilities, Weirdness & Mutations

You have a beak for a mouth.
You have claws for feet.
Your magical flight helps you evade attacks. (EV +4)
You can magically evade attacks while moving or waiting.
You are completely covered in iridescent scales. (AC +6)
You have an uncontrollable temper.
You are clumsy. (Dex -2)
Armour fits poorly on your strangely shaped body.
You are frail. (-10% HP)
You are weak. (Str -2)


Message History

(Z) Zot
Where to? (Tab/Enter - D:1 @ (x,y), ? - help)
The hellwing completely misses you. x2
You shoot an arrow. The arrow hits the hellwing!!
You kill the hellwing!
The Shining One accepts your kill.
No target in view!
(D) Dungeon (T) Temple (L) Lair (A) Shoals (N) Spider Nest (M) Slime Pits (O) Orcish Mines (E) Elven Halls (V) Vaults (C) Crypt (U) Depths (H) Hell (Z) Zot
Where to? (Tab/Enter - D:1 @ (x,y), ? - help)
A soul eater comes into view.
You shoot an arrow. The arrow hits the soul eater!!
The soul eater is moderately wounded.
You shoot an arrow. The arrow hits the soul eater!
The soul eater is heavily wounded.
You shoot an arrow.
The arrow hits the soul eater but does no damage.
The soul eater is heavily wounded.
You shoot an arrow. The arrow barely misses the soul eater.
You shoot an arrow. The arrow hits the soul eater!!
The soul eater is almost dead.
You shoot an arrow. The arrow hits the soul eater!!
You kill the soul eater!
The Shining One accepts your kill.
No target in view!
(D) Dungeon (T) Temple (L) Lair (A) Shoals (N) Spider Nest (M) Slime Pits (O) Orcish Mines (E) Elven Halls (V) Vaults (C) Crypt (U) Depths (H) Hell (Z) Zot
Where to? (Tab/Enter - D:1 @ (x,y), ? - help)
There is a stone staircase leading up here.
You fly upwards.
There is a stone staircase leading down here.
There is a large open door here.
There is a large open door here.
There is a fountain of clear blue water here.
There is a staircase leading out of the dungeon here.
You have escaped!

#.#...................##.#.#..#..
..#.####........>........#....#..
....## ##.......8.....##.#.......
##...###.....##...##..##.########
##.#..##.###..##.##..###.........
...#......###..#'#......)........
.......#..#....#'#...............
..............##⌠##..###.........
.......#####..')@⌠'..# #..#######
...###.## #..##⌠##..# ##..#
...###..####...#'#..### ##.#
...............#'#....# #.#
..###.........##.##...####.######
.............##...##.............
..###...........8.....####.#...#.
..............####.##.# #...##..
..###.........####.##.####...##†#


There were no monsters in sight!

Vanquished Creatures
  2 dread liches
  An ancient lich (Zot:5)
  4 orbs of fire
  Mara (Vaults:5)
  Josephina (Zot:2)
  5 Killer Klowns (Zot:5)
  Bai Suzhen (Vaults:4)
  A curse toe (Zot:4)
  11 golden dragons
  Arachne (Spider:3)
  13 electric golems
  Mlioglotl (Spider:1)
  Zenata (Vaults:4)
  Rupert (Spider:1)
  A Hell Sentinel (D:5)
  Jorgrun (D:15)
  16 tentacled monstrosities
  An Ice Fiend (D:15)
  A walking divine tome (Depths:4)
  22 Orb Guardians (Zot:5)
  4 liches
  8 quicksilver dragons
  2 deep elf master archers (Elf:3)
  6 titans (Vaults:5)
  2 krakens
  2 deep elf blademasters (Elf:3)
  5 sphinxes
  9 death cobs
  An ancient champion (Vaults:4)
  Gastronok (Lair:1)
  11 storm dragons
  6 shadow dragons
  Aizul (Elf:1)
  Roxanne (Shoals:2)
  11 tengu reavers
  4 revenants
  2 draconian knights
  3 draconian monks
  5 draconian shifters
  7 protean progenitors
  8 fire giants
  3 iron dragons
  4 deep elf elementalists
  3 deep elf sorcerers (Elf:3)
  7 frost giants
  7 ghost moths
  5 draconian scorchers
  Louise (Spider:1)
  18 vault wardens
  5 ghouls (Crypt:1)
  2 spriggan defenders
  7 emperor scorpions
  20 ironbound preservers
  2 curse skulls
  3 broodmothers
  4 draconian annihilators
  A caustic shrike skeleton (Crypt:1)
  A cacodemon (Depths:2)
  14 very ugly things
  3 draconian stormcallers
  10 stone giants
  2 formless jellyfish
  8 green draconians
  4 vampire knights
  4 ironbound thunderhulks
  7 deep elf death magi
  5 deep elf demonologists
  A juggernaut skeleton (Crypt:2)
  A lorocyproca (Depths:2)
  A black draconian (Zot:4)
  7 dire elephants (Vaults:2)
  6 purple draconians
  9 war gargoyles
  13 white draconians
  8 yellow draconians
  11 deep elf annihilators
  11 red draconians
  3 eidola
  2 crystal guardians
  5 ettins
  10 spark wasps
  Snorg (Orc:2)
  6 jiangshi
  6 fire dragons
  8 merfolk impalers
  4 merfolk javelineers
  3 deep elf high priests
  17 yaktaur captains
  3 hydras
  38 vault guards
  2 great orbs of eyes
  A hell beast (D:8)
  7 ice dragons
  2 rakshasas
  7 spriggan air magi
  9 entropy weavers
  3 ironbound frosthearts
  An ogre mage (Vaults:5)
  3 peacekeepers
  An alligator snapping turtle (Shoals:4)
  4 radroaches
  11 centaur warriors
  5 merfolk avatars
  3 jorogumos
  2 alligators (Zot:3)
  An anaconda (shapeshifter) (Vaults:5)
  4 catoblepae
  3 merfolk aquamancers (Shoals:4)
  5 tengu warriors
  2 two-headed ogres
  3 boulder beetles
  5 satyrs
  13 dancing weapons
  5 deep troll shamans
  2 death knights
  8 death scarabs (Spider:4)
  12 demonic crawlers
  8 deep troll earth magi
  A spriggan berserker (Depths:4)
  A vampire mage (Crypt:2)
  4 orc high priests (Orc:2)
  14 death yaks
  2 occultists (Depths:3)
  3 hell knights
  4 skysharks
  2 soul eaters
  2 iron trolls (Depths:3)
  5 skeletal warriors
  A titan skeleton (Crypt:1)
  18 deep elf knights
  A salamander mystic (Depths:3)
  3 flayed ghosts
  A ghost moth zombie (Crypt:2)
  7 pharaoh ants
  A sixfirhy (Depths:2)
  A spriggan simulacrum (Crypt:1)
  2 sun moths
  2 death drakes (Zot:4)
  12 sea snakes
  12 ironbound convokers
  An anaconda skeleton (Crypt:1)
  7 arcanists
  55 deep trolls
  15 phantasmal warriors
  4 orb spiders
  A harpy (shapeshifter) (D:13)
  2 bog bodies (Crypt:1)
  18 deep elf pyromancers
  11 lindwurms
  2 glowing orange brains
  A spectral jorogumo (Spider:4)
  11 deep elf archers
  22 deep elf zephyrmancers
  10 steelbarb worms
  3 shining eyes (Zot:3)
  A wolf spider zombie (Spider:4)
  A human zombie (Vaults:1)
  6 necromancers
  4 orc knights
  5 orc sorcerers
  24 harpies
  18 ugly things
  A faun (shapeshifter) (Vaults:5)
  3 salamanders (Depths:3)
  12 cyclopes
  19 moths of wrath
  23 wolf spiders
  20 fauns
  20 merfolk sirens
  15 manticores
  21 elephants
  3 meliai (Spider:1)
  A moth of wrath (shapeshifter) (Vaults:5)
  A meliai (shapeshifter) (D:8)
  A kobold blastminer (Orc:2)
  16 vault sentinels
  9 water nymphs
  An orange demon (Zot:5)
  2 smoke demons (D:2)
  3 black mambas (Lair:5)
  6 torpor snails
  Maggie (D:8)
  A gargoyle (D:8)
  A death yak zombie (Crypt:1)
  5 large abominations (D:12)
  2 kobold demonologists
  2 freezing wraiths (D:14)
  13 cane toads
  2 rime drakes
  An unseen horror zombie (Crypt:1)
  34 yaktaurs
  An efreet (D:15)
  3 unseen horrors
  10 komodo dragons
  A tengu conjurer (Depths:3)
  A golden dragon simulacrum (Zot:2)
  7 trolls
  14 merfolk
  2 spectral jumping spiders (Spider:4)
  A red devil (Zot:5)
  A harpy zombie (Crypt:1)
  3 polar bears
  2 spectral culicivoras (Spider:4)
  2 tyrant leeches (Zot:4)
  2 hellwings (D:2)
  10 wind drakes
  4 glass eyes
  5 spectral tarantellas (Spider:4)
  30 tarantellas
  Prince Ribbit (D:6)
  A troll (shapeshifter) (Elf:2)
  13 hornets
  6 snapping turtles
  A tarantella zombie (Spider:4)
  23 blink frogs
  A harpy skeleton (Crypt:2)
  12 dream sheep
  A snapping turtle (shapeshifter) (Vaults:5)
  3 culicivora zombies (Spider:4)
  3 jumping spider zombies
  A human simulacrum (Vaults:1)
  48 slime creatures
  A guardian serpent skeleton (Crypt:2)
  28 culicivoras
  23 jumping spiders
  A black mamba zombie (Crypt:1)
  4 air elementals
  4 wyverns
  A wind drake zombie (Crypt:2)
  2 spriggans
  10 water elementals
  5 wraiths
  66 yaks
  2 fire bats (Depths:3)
  55 redbacks
  9 basilisks
  Menkaure (D:5)
  2 fire elementals
  6 vampire mosquitoes
  Grum (D:8)
  A yellow draconian simulacrum (Zot:2)
  7 small abominations (D:12)
  A warg (Orc:2)
  A glowing shapeshifter zombie (Crypt:2)
  15 water moccasins
  An acid dragon (D:9)
  A sky beast (D:6)
  An ettin simulacrum (Vaults:1)
  26 orc warriors
  4 ice beasts
  6 ogres
  15 wolves
  4 boggarts (Vaults:3)
  4 laughing skulls (Crypt:1)
  4 centaurs
  A phantom (D:5)
  An elf zombie (Crypt:1)
  A yaktaur zombie (Crypt:1)
  5 kobold brigands
  22 bullfrogs
  A gnoll sergeant (D:9)
  A necrophage (Crypt:1)
  An earth elemental (Elf:2)
  2 human skeletons (Vaults:1)
  4 scorpions
  3 wights (D:7)
  A spriggan zombie (Crypt:1)
  4 killer bees (D:10)
  7 howler monkeys
  3 electric eels
  A raiju skeleton (Crypt:1)
  A bombardier beetle (D:5)
  5 hounds
  2 jellies (D:6)
  A jelly (shapeshifter) (D:13)
  35 orc priests
  A gnoll bouda (D:5)
  A black bear zombie (Crypt:1)
  2 sleepcaps
  4 iguanas
  39 orc wizards
  A scorpion zombie (Crypt:1)
  6 hell rats (Lair:3)
  35 gnolls
  16 adders
  2 white imps
  2 ufetubi (D:6)
  An iguana zombie (Crypt:1)
  A worm (D:5)
  3 dart slugs
  76 orcs
  7 ball pythons
  2 bats
  7 endoplasms
  4 giant cockroaches
  4 goblins
  11 hobgoblins
  16 jackals
  35 kobolds
  2 quokkas
  3 frilled lizards
  A hobgoblin skeleton (Crypt:1)
  5 rats
  An aspiring flesh (Zot:4)
  A spectral weapon (Vaults:4)
  4 tentacles
2121 creatures vanquished.

Vanquished Creatures (collateral kills)
  An ancient lich (Zot:5)
  Frederick (Vaults:4)
  Jory (Vaults:3)
  Asterion (Vaults:4)
  A fenstrider witch (Shoals:3)
  A storm dragon (Vaults:5)
  An iron dragon (Vaults:5)
  2 vault wardens
  2 ironbound preservers
  A draconian stormcaller (Zot:2)
  A stone giant (Depths:3)
  A very ugly thing (Depths:1)
  A spriggan defender (Depths:2)
  An ironbound thunderhulk (Vaults:1)
  A dire elephant (Vaults:2)
  A purple draconian (Zot:5)
  2 fire dragons (D:15)
  2 ice dragons (D:15)
  A yaktaur captain (Vaults:1)
  3 vault guards
  A centaur warrior (D:15)
  A merfolk avatar (Shoals:3)
  2 boulder beetles (D:15)
  2 merfolk aquamancers (Shoals:1)
  An alligator snapping turtle (Shoals:1)
  A deep troll shaman (Depths:3)
  3 deep trolls
  A sea snake (Shoals:1)
  3 lindwurms
  An orc knight (Vaults:5)
  3 harpies
  4 ugly things
  2 manticores (Shoals:1)
  2 merfolk sirens
  5 vault sentinels
  A storm dragon simulacrum (Zot:2)
  3 yaktaurs (Vaults:1)
  A tengu conjurer (Depths:3)
  3 merfolk
  A wind drake (Shoals:1)
  A draconian simulacrum (Zot:2)
  A slime creature (Vaults:1)
  A redback (shapeshifter) (Vaults:3)
  2 centaurs (D:15)
72 creatures vanquished.

Vanquished Creatures (others)
  A draconian knight (Zot:1)
  A vault guard (Vaults:5)
  A merfolk aquamancer (Shoals:1)
  A deep elf zephyrmancer (Elf:1)
  An orc (Vaults:5)
  8 tentacles
13 creatures vanquished.

Grand Total: 2206 creatures vanquished

Notes
Turn   | Place    | Note
-------+----------+-------------------------------------------
     0 | D:1      | Wizard1ke the Tengu Monk began the quest for the Orb.
     0 | D:1      | Reached XP level 1. HP: 14/14 MP: 2/2
    46 | D:1      | Reached XP level 2. HP: 12/19 MP: 3/3
   315 | D:1      | Found a faded altar of an unknown god.
   325 | D:1      | Prayed at the altar of an unknown god.
   325 | D:1      | Became a worshipper of Elyvilon the Healer
   325 | D:1      | Reached * piety under Elyvilon
   325 | D:1      | Reached ** piety under Elyvilon
   392 | D:1      | Reached XP level 3. HP: 23/23 MP: 4/4
   486 | D:2      | Reached *** piety under Elyvilon
   912 | D:2      | Identified the +0 robe of Cuig {Fly MP+9 Int-5}
  1254 | D:3      | Identified the +0 plate armour of Ru's Displeasure {Int+3}
  1256 | D:3      | Reached **** piety under Elyvilon
  1429 | D:3      | Reached XP level 4. HP: 29/29 MP: 5/5
  1943 | D:4      | Noticed a scorpion
  1950 | D:4      | Killed a scorpion
  1951 | D:4      | Reached skill level 5 in Dodging
  1951 | D:4      | Reached XP level 5. HP: 24/34 MP: 3/6
  2078 | D:4      | Reached skill level 5 in Fighting
  2078 | D:4      | Reached XP level 6. HP: 39/40 MP: 7/7
  2391 | D:4      | Gained mutation: Your magical flight helps you evade
                  | attacks. (EV +4) [Tengu growth]
  2391 | D:4      | Reached XP level 7. HP: 7/45 MP: 8/8
  2979 | D:4      | Reached skill level 1 in Invocations
  3494 | D:5      | Entered Level 5 of the Dungeon
  3504 | D:5      | Found Bier's Book Boutique.
  3603 | D:5      | Reached XP level 8. HP: 52/52 MP: 8/10
  3676 | D:5      | Reached ***** piety under Elyvilon
  3887 | D:5      | Noticed Menkaure
  3898 | D:5      | Killed Menkaure
  4517 | D:5      | Found a shimmering blue altar of Sif Muna.
  4535 | D:5      | Found a basalt altar of Yredelemnul.
  4543 | D:5      | Found a snail-covered altar of Cheibriados.
  4550 | D:5      | Found a sacrificial altar of Ru.
  4561 | D:5      | Found a radiant altar of Vehumet.
  4570 | D:5      | Found a glowing silver altar of Zin.
  4580 | D:5      | Found a shadowy altar of Dithmenos.
  4666 | D:5      | Reached XP level 9. HP: 52/59 MP: 10/13
  4849 | D:6      | Identified the +6 flail of the Inferno {speed, Will- rCorr
                  | Int+3 SInv}
  4859 | D:6      | Reached skill level 1 in Ranged Weapons
  4877 | D:6      | Reached skill level 5 in Invocations
  5218 | D:6      | Reached skill level 2 in Ranged Weapons
  5449 | D:7      | Reached skill level 3 in Ranged Weapons
  5699 | D:7      | Reached skill level 4 in Ranged Weapons
  5874 | D:7      | Reached ****** piety under Elyvilon
  5909 | D:7      | Noticed Prince Ribbit
  5921 | D:6      | Killed Prince Ribbit
  5922 | D:6      | Reached skill level 5 in Ranged Weapons
  6175 | D:7      | Identified the +11 spear of the Screaming Gods {drain,
                  | rElec rC+ Will- Dex+4}
  6213 | D:7      | Found a staircase to the Ecumenical Temple.
  6354 | Temple   | Entered the Ecumenical Temple
  6387 | Temple   | Fell from the grace of Elyvilon
  6387 | Temple   | Became a worshipper of the Shining One
  6387 | Temple   | Reached * piety under the Shining One
  6387 | Temple   | Reached ** piety under the Shining One
  6387 | Temple   | Reached *** piety under the Shining One
  6549 | D:8      | Reached skill level 6 in Ranged Weapons
  6648 | D:8      | Reached skill level 7 in Ranged Weapons
  6685 | D:8      | Noticed a cyclops
  6691 | D:8      | Noticed Maggie
  6697 | D:8      | Killed a cyclops
  6698 | D:8      | Reached skill level 8 in Ranged Weapons
  6698 | D:8      | Reached XP level 10. HP: 52/64 MP: 8/14
  6720 | D:7      | Reached skill level 9 in Ranged Weapons
  6849 | D:8      | Noticed a gargoyle
  7159 | D:8      | Reached skill level 10 in Ranged Weapons
  7202 | D:8      | Noticed Grum
  7230 | D:7      | Reached skill level 1 in Evocations
  7354 | D:8      | Killed Grum
  7422 | D:8      | Killed a gargoyle
  7573 | D:8      | Killed Maggie
  7589 | D:8      | Noticed a meliai
  7590 | D:8      | Killed a meliai
  7969 | D:9      | Noticed a two-headed ogre
  7979 | D:9      | Killed a two-headed ogre
  7980 | D:9      | Reached XP level 11. HP: 69/69 MP: 12/15
  8014 | D:9      | Found a staircase to the Orcish Mines.
  8726 | D:9      | Found a bloodstained altar of Trog.
  8726 | D:9      | Found a hide-covered altar of Uskayaw.
  8807 | D:9      | Found Yneegu Pabbu's Tremendous Tomes.
  9133 | D:10     | Entered Level 10 of the Dungeon
  9144 | D:10     | Reached skill level 11 in Ranged Weapons
  9906 | D:10     | You are sucked into a shaft and drop 1 floor!
  9919 | D:11     | Reached **** piety under the Shining One
  9965 | D:11     | Reached skill level 5 in Evocations
 10196 | D:11     | Reached skill level 10 in Dodging
 10218 | D:11     | Found the +18 Lear's hauberk
 10655 | D:12     | Reached skill level 10 in Fighting
 10692 | D:10     | Found a staircase to the Lair.
 11098 | Lair:1   | Entered Level 1 of the Lair of Beasts
 11199 | Lair:1   | Reached skill level 12 in Ranged Weapons
 11242 | Lair:1   | Reached XP level 12. HP: 61/77 MP: 12/16
 11717 | Lair:1   | Noticed Gastronok
 12314 | Lair:1   | Killed Gastronok
 12567 | Lair:2   | Reached skill level 13 in Ranged Weapons
 12573 | Lair:2   | Noticed a catoblepas
 12609 | Lair:2   | Noticed a skyshark
 13260 | Lair:2   | Reached XP level 13. HP: 66/85 MP: 12/17
 13898 | Lair:2   | Reached skill level 14 in Ranged Weapons
 14768 | Lair:3   | Identified the +0 ring mail "Difenal" {Rampage ^Drain
                  | Slay+3}
 14809 | Lair:3   | Reached ***** piety under the Shining One
 15264 | Lair:3   | Found a hole to the Spider Nest.
 15388 | Lair:3   | Found a staircase to the Shoals.
 15690 | Lair:4   | Reached skill level 15 in Ranged Weapons
 15910 | Lair:3   | Reached XP level 14. HP: 51/92 MP: 10/20
 17011 | Lair:4   | Found a viscous altar of Jiyva.
 17011 | Lair:4   | Found a staircase to the Slime Pits.
 17114 | Lair:5   | Entered Level 5 of the Lair of Beasts
 17140 | Lair:5   | Reached skill level 16 in Ranged Weapons
 17686 | Lair:5   | Reached skill level 17 in Ranged Weapons
 19059 | Lair:5   | Reached skill level 18 in Ranged Weapons
 19639 | Orc:1    | Entered Level 1 of the Orcish Mines
 19815 | Orc:2    | Entered Level 2 of the Orcish Mines
 19830 | Orc:2    | Reached XP level 15. HP: 95/96 MP: 22/22
 20321 | Orc:2    | Found a staircase to the Elven Halls.
 20323 | Orc:2    | Found Qawawy's General Store.
 20432 | Orc:2    | Noticed Snorg
 20449 | Orc:2    | Killed Snorg
 20606 | Orc:2    | Reached ****** piety under the Shining One
 20742 | Orc:2    | Found Honn's Distillery.
 20742 | Orc:2    | Found Zefikur's Antique Armour Shop.
 20742 | Orc:2    | Found Gitikkiph's Armour Boutique.
 20752 | Orc:2    | Found Viosuz's Magic Scroll Shop.
 20762 | Orc:2    | Bought a pair of embroidered gloves for 180 gold pieces
 20766 | Orc:2    | Bought a scroll of immolation for 68 gold pieces
 20766 | Orc:2    | Bought a scroll of fog for 68 gold pieces
 20766 | Orc:2    | Bought a scroll of teleportation for 51 gold pieces
 20766 | Orc:2    | Bought a scroll of revelation for 127 gold pieces
 20766 | Orc:2    | Bought a scroll of teleportation for 51 gold pieces
 20766 | Orc:2    | Bought a scroll of immolation for 68 gold pieces
 20767 | Orc:2    | Bought a potion of heal wounds for 85 gold pieces
 20767 | Orc:2    | Bought a potion of cancellation for 136 gold pieces
 20863 | Orc:2    | Bought a scroll of enchant armour for 105 gold pieces
 20863 | Orc:2    | Bought a scroll of revelation for 105 gold pieces
 21887 | D:12     | Reached skill level 15 in Dodging
 22646 | D:13     | Found a gate to the Vaults.
 23205 | D:13     | Found Immify's Antique Armour Boutique.
 24075 | D:14     | Reached skill level 10 in Invocations
 24598 | D:14     | Found an ancient bone altar of Kikubaaqudgha.
 24727 | D:14     | Found Alenos's Magic Scroll Boutique.
 24732 | D:14     | Bought a scroll of teleportation for 42 gold pieces
 24732 | D:14     | Bought a scroll of fear for 56 gold pieces
 24732 | D:14     | Bought a scroll of enchant weapon for 105 gold pieces
 24732 | D:14     | Bought a scroll of immolation for 56 gold pieces
 24732 | D:14     | Bought a scroll of fear for 56 gold pieces
 24815 | D:15     | Entered Level 15 of the Dungeon
 24815 | D:15     | Noticed Jorgrun
 24823 | D:15     | Killed Jorgrun
 24965 | D:15     | Reached XP level 16. HP: 105/105 MP: 24/24
 24991 | D:15     | Found a runed translucent door.
 24991 | D:15     | Found the +2 shield of Resistance {rF++ rC++ Will++}
 24992 | D:15     | Found a runed translucent door.
 25376 | D:15     | Found a staircase to the Depths.
 25698 | Shoals:1 | Entered Level 1 of the Shoals
 26331 | Shoals:1 | Reached skill level 15 in Fighting
 26530 | Shoals:1 | Identified the +9 war axe of a Gauntlet {venom, Fly rC+++
                  | Will-}
 26846 | Shoals:1 | Identified the maw talisman of a ziggurat {rN++ Str-4}
 27302 | Shoals:2 | Noticed a kraken
 27315 | Shoals:2 | Killed a kraken
 27520 | Shoals:2 | Reached XP level 17. HP: 113/113 MP: 26/26
 27776 | Shoals:2 | Reached skill level 19 in Ranged Weapons
 27857 | Shoals:2 | Noticed Roxanne
 28219 | Shoals:2 | Killed Roxanne
 29103 | Shoals:3 | Found Gump's Distillery.
 29108 | Shoals:3 | Bought 2 potions of curing for 78 gold pieces
 29108 | Shoals:3 | Bought a potion of heal wounds for 65 gold pieces
 29350 | Shoals:4 | Entered Level 4 of the Shoals
 29464 | Shoals:4 | Identified the +5 orcbow of Owuustim {speed, +Blink rElec
                  | Will-}
 29688 | Shoals:4 | Noticed a kraken
 29766 | Shoals:4 | Got the Folio of Assistive Excavation
 29779 | Shoals:4 | Reached skill level 20 in Ranged Weapons
 29805 | Shoals:4 | Killed a kraken
 29986 | Shoals:4 | Identified the +5 arbalest of the Flying Gods {antimagic,
                  | rPois rC- Dex+3 SInv}
 30058 | Shoals:4 | Got a barnacled rune of Zot
 30107 | Shoals:4 | Identified the +8 shortbow of Nolo Contendere {freeze, rF+
                  | Int+2}
 30755 | Vaults:1 | Entered Level 1 of the Vaults
 30829 | Vaults:1 | Found Ohusor's Magic Scroll Boutique.
 30837 | Vaults:1 | Bought a scroll of blinking for 165 gold pieces
 30837 | Vaults:1 | Bought 3 scrolls of silence for 627 gold pieces
 30837 | Vaults:1 | Bought a scroll of fear for 88 gold pieces
 30837 | Vaults:1 | Bought a scroll of fear for 88 gold pieces
 30862 | Vaults:1 | Reached XP level 18. HP: 99/119 MP: 23/29
 31002 | Vaults:1 | Found a flickering gateway to a bazaar.
 31243 | Bazaar   | Entered a bazaar
 31264 | Bazaar   | Found Deliesk's Distillery.
 31278 | Bazaar   | Found Nybbom's Magic Scroll Shop.
 31306 | Bazaar   | Found Vianera's Antique Armour Shop.
 31320 | Bazaar   | Found Jawupuuf's Antique Weapon Boutique.
 31429 | Bazaar   | Bought a potion of haste for 160 gold pieces
 31723 | Vaults:1 | Reached skill level 15 in Invocations
 32729 | Vaults:1 | Identified the +2 leather armour of Fun and Games {rN++
                  | Will+}
 33426 | Vaults:2 | Reached XP level 19. HP: 127/127 MP: 31/31
 35247 | Vaults:3 | Found Caruxeil's Armour Emporium.
 35340 | Vaults:3 | Found Waaddowk's Armour Shop.
 35356 | Vaults:3 | Found Bovet's Armour Shop.
 35404 | Vaults:3 | Noticed Jory
 35417 | Vaults:3 | Killed Jory
 35684 | Vaults:3 | Found a staircase to the Crypt.
 35684 | Vaults:3 | Found a basalt altar of Yredelemnul.
 35684 | Vaults:3 | Found an ancient bone altar of Kikubaaqudgha.
 35807 | Crypt:1  | Entered Level 1 of the Crypt
 36747 | Vaults:3 | Reached XP level 20. HP: 80/137 MP: 14/32
 36913 | Vaults:3 | Learned a level 4 spell: Dimensional Bullseye
 36990 | Vaults:3 | Identified the +8 bardiche of Feapiduj {freeze, rPois Str+4
                  | Dex+3}
 37004 | Vaults:3 | Noticed a dread lich
 37012 | Vaults:3 | Killed a dread lich
 37304 | Vaults:4 | Noticed Bai Suzhen
 37553 | Vaults:4 | Identified the +5 shortbow of Midwinter {drain, rPois rN+
                  | Will+ Dex+3}
 38339 | Vaults:4 | Killed Bai Suzhen
 38620 | Vaults:4 | Found the +8 longbow "Zephyr" {speed, Dex+3 SInv}
 38944 | Vaults:4 | Noticed Zenata
 38966 | Vaults:4 | Killed Zenata
 38998 | Vaults:4 | Identified the orb "Xioloud" {*channel, Str-3 Dex+4 Earth}
 38998 | Vaults:4 | Noticed Frederick
 38998 | Vaults:4 | Noticed Asterion
 41071 | Vaults:4 | Killed Frederick
 41072 | Vaults:4 | Reached XP level 21. HP: 140/147 MP: 24/33
 41101 | Vaults:4 | Killed Asterion
 41469 | Elf:1    | Entered Level 1 of the Elven Halls
 41618 | Spider:1 | Entered Level 1 of the Spider Nest
 41754 | Spider:1 | Noticed Mlioglotl
 41764 | Spider:1 | Killed Mlioglotl
 41781 | Spider:1 | Noticed Rupert
 41807 | Spider:1 | Killed Rupert
 41956 | Spider:1 | Noticed Louise
 41965 | Spider:1 | Killed Louise
 42430 | Spider:2 | Paralysed by a hornet for 3 turns
 42630 | Spider:2 | Identified the +3 trident of the Asp {elec, rPois rC++
                  | Stlth-}
 43484 | Spider:3 | Noticed Arachne
 43516 | Spider:3 | Killed Arachne
 43852 | Spider:4 | Entered Level 4 of the Spider Nest
 44721 | Spider:4 | Reached XP level 22. HP: 155/155 MP: 35/35
 45539 | Spider:4 | Got a gossamer rune of Zot
 46278 | Elf:1    | Identified the serpent talisman "Xoim" {Slay+6}
 46278 | Elf:1    | Noticed Aizul
 46289 | Elf:1    | Killed Aizul
 47384 | Elf:2    | Paralysed by an air elemental for 1 turns
 47628 | Elf:2    | Paralysed by an air elemental for 1 turns
 47688 | Elf:2    | Found a runed translucent gate.
 47688 | Elf:2    | Found a runed translucent gate.
 47688 | Elf:2    | Found a runed translucent gate.
 47870 | Elf:3    | Entered Level 3 of the Elven Halls
 48118 | Elf:3    | Identified the ring "Lief" {Fire Int+3}
 48331 | Elf:3    | Identified the +11 war axe of Mana {speed, rPois Str-5 SInv
                  | Stlth+}
 48331 | Elf:3    | Identified the ring of Quykicaw {rF+ rN+ Will- Int+7 SInv}
 48406 | Elf:3    | Identified the +7 plate armour "Zienwas" {Harm rElec MP+9}
 48574 | Elf:3    | Identified the +1 robe of Oblivion {rF+ Str+3}
 48604 | Elf:3    | Identified the +3 morningstar of Annihilation {protect, rC+
                  | Dex+3}
 48722 | Elf:3    | Identified the +4 sling of Starshine {speed, Str+2}
 48734 | Elf:3    | Got the Secrets of Malignant Mysteries and Aeromancy
 48841 | Elf:3    | Reached XP level 23. HP: 164/164 MP: 37/37
 49174 | Elf:3    | Found Otouqes's Magic Scroll Emporium.
 49177 | Elf:3    | Bought a scroll of blinking for 135 gold pieces
 49177 | Elf:3    | Bought a scroll of revelation for 135 gold pieces
 49177 | Elf:3    | Bought a scroll of teleportation for 54 gold pieces
 49177 | Elf:3    | Bought a scroll of silence for 171 gold pieces
 49177 | Elf:3    | Bought a scroll of immolation for 72 gold pieces
 49177 | Elf:3    | Bought a scroll of silence for 171 gold pieces
 49612 | Depths:1 | Entered Level 1 of the Depths
 50105 | Depths:1 | You are sucked into a shaft and drop 1 floor!
 50664 | Depths:1 | Found a gateway to Hell.
 51110 | Depths:2 | Found Ehik's Weapon Emporium.
 51333 | Depths:2 | Found a one-way gate leading to the halls of Pandemonium.
 51780 | Depths:3 | Identified the +3 long sword of Nilam {venom, rElec rPois
                  | rC- Str+2}
 52106 | Depths:3 | Identified the ring of Bomucw {Fly Str-2 Dex+5 Slay+3}
 52335 | Depths:3 | Found a one-way gate to the infinite horrors of the Abyss.
 52453 | Depths:3 | Identified the dragon-blood talisman "Numux" {rF- rC+
                  | Stlth+}
 53073 | Depths:4 | Entered Level 4 of the Depths
 53328 | Depths:4 | Found a basalt altar of Yredelemnul.
 53575 | Depths:4 | Found a gate to the Realm of Zot.
 53588 | Depths:4 | Reached XP level 24. HP: 164/172 MP: 35/37
 53900 | Depths:4 | Found a one-way gateway to a ziggurat.
 54652 | Vaults:5 | Entered Level 5 of the Vaults
 54925 | Vaults:5 | Identified the +10 scimitar "Giclajo" {speed, rF+}
 54947 | Vaults:5 | Got Ritwarphini's Codex of Dusty Wounds
 55022 | Vaults:5 | Noticed a dread lich
 55033 | Vaults:5 | Killed a dread lich
 55034 | Vaults:5 | Reached skill level 10 in Evocations
 55074 | Vaults:5 | Identified the ring of Ikiace {rF+ MP+9 Str+2 Dex+3}
 55128 | Vaults:5 | Got the Incunabulum of the Charnel House and Combat Magic
 55132 | Vaults:5 | Identified the ring "Ishimo" {Will+ AC+4 Dex+4}
 55153 | Vaults:5 | Identified the +0 glaive "Waul" {flame, *Noise Will+ Str+4}
 55637 | Vaults:5 | Got a silver rune of Zot
 55662 | Vaults:5 | Got the Volume of Black Rites and Reagents
 55684 | Vaults:5 | Noticed Mara
 55702 | Vaults:5 | Killed Mara
 55742 | Vaults:5 | Identified the ring "Etixem" {rPois Int+6}
 55799 | Vaults:5 | Identified the +2 flail of Bread {elec, Fly Str+3}
 55822 | Vaults:5 | Reached XP level 25. HP: 181/181 MP: 37/37
 56031 | Vaults:5 | Reached skill level 21 in Ranged Weapons
 56963 | Zot:1    | Entered Level 1 of the Realm of Zot
 57366 | Zot:1    | Reached skill level 22 in Ranged Weapons
 57991 | Zot:2    | Found a transporter.
 57997 | Zot:2    | Identified the +2 pair of gloves of the Unbroken {Rampage
                  | Will- Str-4 Dex+8}
 58886 | Zot:2    | Identified the ring of Contentment {Ice Str+5}
 58886 | Zot:2    | Noticed Josephina
 58900 | Zot:2    | Killed Josephina
 58901 | Zot:2    | Reached skill level 23 in Ranged Weapons
 59010 | Zot:2    | Noticed an orb of fire
 59012 | Zot:2    | Gained mutation: You sometimes lose your temper in combat.
                  | [an orb of fire]
 59027 | Zot:2    | Gained mutation: You are frail. (-10% HP) [an orb of fire]
 59028 | Zot:2    | Gained mutation: You are dopey. (Int -2) [an orb of fire]
 59032 | Zot:2    | Killed an orb of fire
 59043 | Zot:1    | Lost mutation: You sometimes lose your temper in combat.
                  | [potion of mutation]
 59043 | Zot:1    | Lost mutation: You are dopey. (Int -2) [potion of mutation]
 59043 | Zot:1    | Gained mutation: You are partially covered in iridescent
                  | scales. (AC +2) [potion of mutation]
 59043 | Zot:1    | Gained mutation: You are clumsy. (Dex -2) [potion of
                  | mutation]
 59043 | Zot:1    | Gained mutation: You are very frail. (-20% HP) [potion of
                  | mutation]
 59043 | Zot:1    | Gained mutation: You are somewhat resistant to further
                  | mutation. [potion of mutation]
 59044 | Zot:1    | Lost mutation: You are partially covered in iridescent
                  | scales. (AC +2) [potion of mutation]
 59044 | Zot:1    | Lost mutation: You are somewhat resistant to further
                  | mutation. [potion of mutation]
 59044 | Zot:1    | Gained mutation: Your mind is acute. (Int +4, Str/Dex -1)
                  | [potion of mutation]
 59044 | Zot:1    | Gained mutation: You are partially covered in iridescent
                  | scales. (AC +2) [potion of mutation]
 59044 | Zot:1    | Gained mutation: You are mostly covered in iridescent
                  | scales. (AC +4) [potion of mutation]
 59045 | Zot:1    | Lost mutation: Your mind is acute. (Int +4, Str/Dex -1)
                  | [potion of mutation]
 59045 | Zot:1    | Lost mutation: You are clumsy. (Dex -2) [potion of
                  | mutation]
 59045 | Zot:1    | Lost mutation: You are very frail. (-20% HP) [potion of
                  | mutation]
 59045 | Zot:1    | Gained mutation: You are completely covered in iridescent
                  | scales. (AC +6) [potion of mutation]
 59073 | Zot:2    | Found a transporter.
 59570 | Zot:2    | Reached skill level 24 in Ranged Weapons
 60046 | Zot:3    | Noticed an orb of fire
 60063 | Zot:3    | Gained mutation: You sometimes lose your temper in combat.
                  | [an orb of fire]
 60066 | Zot:3    | Gained mutation: You have an uncontrollable temper. [an orb
                  | of fire]
 60069 | Zot:3    | Killed an orb of fire
 60086 | Zot:3    | Reached XP level 26. HP: 137/169 MP: 37/37
 60104 | Zot:3    | Gained mutation: You are clumsy. (Dex -2) [a shining eye]
 60659 | Zot:3    | Reached skill level 25 in Ranged Weapons
 62079 | Zot:5    | Entered Level 5 of the Realm of Zot
 62197 | Zot:5    | Reached skill level 26 in Ranged Weapons
 62197 | Zot:5    | Found Evizilat's CLEARANCE SALE!.
 62199 | Zot:5    | Bought a potion of haste for 30 gold pieces
 62199 | Zot:5    | Bought a potion of resistance for 30 gold pieces
 62224 | Zot:5    | Found a runed translucent gate.
 62224 | Zot:5    | Found a runed translucent gate.
 62224 | Zot:5    | Found a runed translucent gate.
 62226 | Zot:5    | Found an opulent altar of Gozag.
 62229 | Zot:5    | Noticed Caterwaul's ghost (master DsCj)
 63895 | Zot:5    | Noticed an orb of fire
 63899 | Zot:5    | Gained mutation: You have hidden genetic defects. [an orb
                  | of fire]
 63908 | Zot:5    | Killed an orb of fire
 64628 | Zot:5    | Reached skill level 27 in Ranged Weapons
 64633 | Zot:5    | Noticed a Killer Klown
 64641 | Zot:5    | Killed a Killer Klown
 64770 | Zot:5    | Noticed a Killer Klown
 64780 | Zot:5    | Killed a Killer Klown
 64908 | Zot:5    | Noticed an ancient lich
 64920 | Zot:5    | Killed an ancient lich
 64929 | Zot:5    | Noticed a Killer Klown
 64941 | Zot:5    | Killed a Killer Klown
 65432 | Zot:5    | Noticed a Killer Klown
 65440 | Zot:5    | Killed a Killer Klown
 65462 | Zot:5    | Gained mutation: You are weak. (Str -2) [hidden defects]
 65735 | Zot:5    | Noticed an orb of fire
 65747 | Zot:5    | Killed an orb of fire
 66206 | Zot:5    | Noticed an ancient lich
 66222 | Zot:5    | Killed an ancient lich
 66562 | Zot:5    | Reached XP level 27. HP: 173/173 MP: 37/37
 66959 | Zot:5    | Gained mutation: Armour fits poorly on your strangely
                  | shaped body. [hidden defects]
 66959 | Zot:5    | Lost mutation: You have hidden genetic defects. [hidden
                  | defects expressed]
 67025 | Zot:5    | Got the Orb of Zot
 67154 | Zot:1    | Noticed Diesej the pandemonium lord
 67551 | D:$      | Escaped with the Orb!

Illustrated notes

Levels and vault maps discovered:
D:1:      grunt_arrival_crossed_arrows, layout_rooms,
          shapermc_ecumenical_altar_notcrosses
D:2:      layout_loops_ring, minmay_misc_feat_tiny, st_stairs_8
D:3:      layout_basic, hangedman_decor_points
D:4:      lemuel_castle_with_subvaults [lemuel_castle_interior_original],
          layout_loops_ring
D:5:      layout_loops_cross, grunt_temple_overflow_octagram, serial_shops,
          nicolae_lakefront_shop, serial_bayou_lagoon_a, uniq_menkaure
D:6:      layout_loops_ring, bh_walls_and_bars
D:7:      layout_loops_corners, minmay_temple_entry_trees, uniq_prince_ribbit1
D:8:      nzn_winding_woodlands_three_and_one
          [nzn_winding_woodlands_5x15_concentric,
          nzn_winding_woodlands_5x15_pool, nzn_winding_woodlands_5x15_sawtooth,
          nzn_winding_woodlands_center_triple_pond], layout_basic, uniq_maggie,
          uniq_grum
D:9:      layout_layer_cave, gammafunk_temple_overflow_pools, orc_0_dummy,
          nicolae_shop_i_like_big_books, grunt_decor_cap,
          grunt_decor_resistance, kennysheep_small_spiral, serial_bayou_pond_e
D:10:     layout_basic, lair_entry_dummy, serial_glass, glass_columns_b,
          glass_columns_a
D:11:     layout_rooms
D:12:     layout_roguey, gauntlet_entry_generic, laboratory
D:13:     layout_irregular_city, lightli_vaults_fourway_checkpoint,
          serial_shops, nicolae_shop_hallway_stairs
D:14:     layout_basic, kiku_gazebo_garden_becter, serial_shops,
          nicolae_shop_pleasant_corner_grove, kennysheep_donut,
          nicolae_zig_zag_zippers
D:15:     grunt_enter_depths_hoard, layout_rooms, chequers_jeans,
          minmay_guarded_unrand_resistance, uniq_jorgrun
Temple:   nicolae_temple_figure_eight
Lair:1:   layout_small_grid, hangedman_lair_unloving_vines, lemuel_fruit_tree,
          uniq_gastronok
Lair:2:   minmay_lair_venomous_thicket, layout_gridlike, grunt_megastairs_4
Lair:3:   layout_regular_city, elwin_shoals_entry_rooms, dummy_spider_entry,
          beast_lair_carwin_9, grunt_megastairs_2, lemuel_fruit_fields,
          serial_bayou_shore_b
Lair:4:   layout_loops_ring, dpeg_slime_entry_enclosed
Lair:5:   evilmike_catoblepas_cave, layout_regular_city,
          pdpol_lair_neglected_garden, small_statue_intersection,
          grunt_megastairs_1
Shoals:1: cheibrodos_shoals_epimethial_gifts, layout_shoals,
          hangedman_shoals_cup_caves
Shoals:2: nicolae_shoals_aurelia_aurita, layout_shoals, uniq_roxanne
Shoals:3: layout_shoals, serial_shops, nicolae_shop_back_alley_shop,
          nicolae_shoals_beach_house_on_fowls_legs
Shoals:4: shoals_end_grunt_garden, layout_shoals
Spider:1: layout_spider_delve, uniq_mlioglotl, uniq_louise, uniq_rupert
Spider:2: spiders_nest_scorpion_pit, nicolae_spider_shape
Spider:3: layout_spider_delve, worms_lemuel, uniq_arachne
Spider:4: floodkiller_spider_rune_tomb, hive_lemuel
Orc:1:    layout_caves
Orc:2:    st_orc_mages, layout_diamond_mine, serial_shops, shop, uniq_snorg
Elf:1:    layout_onion_city, nicolae_elf_blasts_and_bolts, minivault_14,
          uniq_aizul
Elf:2:    nicolae_elf_blades_splatter_lattice [grunt_blade_entry_basic],
          layout_rooms
Elf:3:    grunt_elf_hall_branching, layout_gridlike, serial_shops,
          nicolae_shop_rolled_up
Vaults:1: nicolae_vaults_network_barrier, v_rooms_1, hangedman_vaults_pinch,
          nicolae_vaults_what_the_h, v_rooms_6, nicolae_vaults_more_shelving_1,
          nicolae_vaults_trapezoid_lopsided_2, nicolae_vaults_house_1,
          nicolae_vaults_little_squares_6, layout_vaults_omnicross,
          serial_shops, bzr_entry_dummy,
          nicolae_shop_competitors_out_of_business
Vaults:2: v_alt_pattern_5, hangedman_vaults_variations, v_pattern_5,
          nicolae_vaults_tetromino_T_1, nicolae_vaults_spaceships,
          nicolae_vaults_sesquioval_fish, v_misc_11, v_misc_19,
          nicolae_vaults_offset_grid_hallway_3, nicolae_vaults_house_3,
          nicolae_vaults_double_plus_1, nicolae_vaults_diagonal_hallway_6,
          vaults_room_large_hall, nicolae_vaults_angled_halls,
          layout_vaults_maze_bifur
Vaults:3: nicolae_vaults_little_guard_posts,
          vaults_standard_mumra_enter_the_diamond,
          nicolae_vaults_trapezoid_lopsided_4, nicolae_vaults_shelves_hall,
          nicolae_vaults_big_ls, minmay_crypt_entry_necro_gods, v_pattern_4,
          nicolae_vaults_trapezoid_lopsided_3,
          nicolae_vaults_taking_the_gang_shopping, layout_vaults_quadrants,
          serial_shops, nicolae_shop_mannequins, shop, uniq_jory
Vaults:4: nicolae_vaults_trapezoid_lopsided_4, nicolae_vaults_weapon_check,
          nicolae_vaults_mini_display_case, nicolae_vaults_cornered_office,
          vaults_dpeg_ring, sword_in_stone, nicolae_vaults_heart-shaped_vault,
          vaults_dpeg_encased_lava, v_alt_pattern_4, nicolae_vaults_gold_heap,
          ontoclasm_vaults_eye, nicolae_vaults_surprise_closet,
          nicolae_vaults_tetromino_T_1, layout_vaults_chaotic_city, uniq_zenata,
          uniq_bai_suzhen
Vaults:5: uniq_mara
Crypt:1:  layout_basic, grunt_crypt_arrival_webbed
Crypt:2:  layout_gridlike, grunt_megastairs_3, uniq_grunn
Depths:1: layout_basic, chequers_serial_rivers_marsh, hell_entry,
          kennysheep_decorative_pillar, lightli_minifort
Depths:2: kennysheep_cluttered_fort, layout_basic, grunt_pan_entry_zigzag,
          serial_shops, nicolae_shop_behind_doors, hangedman_coc_ice_floe,
          ebering_dispersal_statue_hall
Depths:3: dreamdust_tengu_aerie, layout_basic, kennysheep_pointless_box,
          hell_entry, abyss_entry, minmay_misc_feat_doors
Depths:4: grunt_crosshair, layout_basic, enter_ziggurat_f, grunt_metal_band,
          yredelemnul_altar_generic
Zot:1:    layout_misc_corridors
Zot:2:    gammafunk_sealed_arena, layout_onion_interference, lemuel_golem_globe,
          uniq_josephina
Zot:3:    layout_onion, regret_index_zot_stipple_split, st_small_dragon_hoard_1
Zot:4:    layout_gridville
Zot:5:    layout_basic, ebering_ghost_gozag, nicolae_shop_clearance

Skill      XL: |  1  2  3  4  5  6  7  8  9 10 11 12 13 14 15 16 17 18 19 20 21 22 23 24 25 26 27 |
---------------+----------------------------------------------------------------------------------+-----
Dodging        | 4 5 6 7 8 9 10 12 14 15 17 18 20 21 22 24 25 26 | 26.0
Fighting       | 4 5 6 8 10 11 12 13 15 16 18 20 21 22 23 25 | 25.8
Invocations    | 1 4 5 7 8 10 11 14 15 16 18 | 18.0
Ranged Weapons | 8 10 12 13 15 18 20 24 27 | 27.0
Evocations     | 3 5 8 10 | 10.0
Long Blades    | |  3.2

Action                     |  1- 3 |  4- 6 |  7- 9 | 10-12 | 13-15 | 16-18 | 19-21 | 22-24 | 25-27 || total
---------------------------+-------+-------+-------+-------+-------+-------+-------+-------+-------++-------
  Melee: Falchion          |    74 |    78 |   247 |       |       |       |       |       |       ||   399
         Kick              |    19 |    26 |   126 |       |       |       |       |       |       ||   171
         Peck              |     9 |    22 |    64 |       |       |       |       |       |       ||    95
         Flail             |       |       |    21 |       |       |       |       |       |       ||    21
   Fire: Sling             |       |     8 |       |       |       |       |       |       |       ||     8
         Longbow           |       |       |    86 |   641 |  1412 |  1117 |  1777 |  1841 |  1436 ||  8310
         Orcbow            |       |       |       |       |       |    50 |    25 |       |       ||    75
  Throw: Throwing net      |       |     2 |       |       |       |       |       |       |       ||     2
         Dart              |       |       |       |       |     2 |       |       |       |       ||     2
 Invoke: Purification      |       |     1 |       |       |       |       |       |       |       ||     1
         Heal Self         |       |       |     1 |       |       |       |       |       |       ||     1
         Divine Shield     |       |       |     1 |     8 |     8 |    12 |     9 |     2 |     2 ||    42
         Cleansing Flame   |       |       |       |       |     5 |     6 |    30 |    19 |    14 ||    74
         Summon Divine War |       |       |       |       |     2 |     7 |     9 |    11 |     4 ||    33
  Evoke: Wand              |       |       |     4 |    18 |     5 |     2 |     3 |     3 |     6 ||    41
         Phantom mirror    |       |       |       |       |       |     1 |     1 |       |       ||     2
    Use: Scroll            |       |       |     1 |    19 |    14 |    13 |     6 |     5 |    15 ||    73
         Potion            |       |       |       |     3 |     2 |     3 |     4 |     2 |    12 ||    26
 Armour: Robe              |     8 |       |    17 |    34 |       |       |       |       |    63 ||   122
         Ring mail         |    12 |    27 |    73 |       |       |       |       |       |       ||   112
         Swamp dragon scal |       |       |       |   186 |   245 |    19 |       |       |       ||   450
         Skin              |       |       |       |       |    23 |       |       |       |    44 ||    67
         Troll leather arm |       |       |       |       |       |   186 |   302 |   129 |       ||   617
         Leather armour    |       |       |       |       |       |       |       |    48 |    38 ||    86
  Dodge: Dodged            |    33 |    55 |   282 |   517 |   572 |   528 |   897 |   543 |   404 ||  3831
  Block: Other             |       |       |     1 |    45 |    29 |    33 |    31 |     9 |     4 ||   152

Table legend: (Time is in decaauts)
 A = Elapsed time spent in this place.
 B = Non-inter-level travel time spent in this place.
 C = Inter-level travel time spent in this place.
 D = Time resting spent in this place.
 E = Time spent auto-exploring this place.
 F = Levels seen in this place.
 G = Mean time per level.
                   A        B        C        D        E       F      G
               +--------+--------+--------+--------+--------+-----+--------+
         Total |  65217 |  58376 |   6841 |  10912 |  30856 |  51 | 1278.8 |
       Dungeon |  16969 |  15227 |   1742 |   1967 |   8864 |  15 | 1131.3 |
        Temple |     64 |      2 |     62 |      0 |      0 |   1 |   64.0 |
          Lair |   9041 |   8259 |    782 |   1616 |   4202 |   5 | 1808.2 |
        Shoals |   4442 |   4246 |    196 |    527 |   2526 |   4 | 1110.5 |
   Spider Nest |   3683 |   3409 |    274 |    690 |   1535 |   4 |  920.8 |
  Orcish Mines |   1780 |   1480 |    300 |    231 |    754 |   2 |  890.0 |
   Elven Halls |   3384 |   3161 |    223 |    356 |   1921 |   3 | 1128.0 |
        Vaults |  10760 |   9024 |   1736 |   1174 |   5101 |   5 | 2152.0 |
         Crypt |   1897 |   1765 |    132 |    263 |   1100 |   2 |  948.5 |
        Depths |   4988 |   4140 |    848 |    641 |   2266 |   4 | 1247.0 |
           Zot |   7943 |   7400 |    543 |   3444 |   2492 |   5 | 1588.6 |
        Bazaar |    261 |    261 |      0 |      0 |     95 |   1 |  261.0 |
               +--------+--------+--------+--------+--------+-----+--------+

Top non-repeatable levels by time:
   Zot:5: 3695 daAuts
Vaults:1: 2373 daAuts
Vaults:4: 2228 daAuts
  Lair:5: 2149 daAuts
Vaults:3: 2148 daAuts
Vaults:2: 2123 daAuts
  Lair:1: 2042 daAuts
Vaults:5: 1886 daAuts
     D:4: 1828 daAuts
  Lair:3: 1799 daAuts
     D:9: 1620 daAuts
  Lair:4: 1603 daAuts
Depths:3: 1568 daAuts
  Lair:2: 1447 daAuts
    D:10: 1414 daAuts
